[ AOE2 MATCH · #483588895 ]
UnrankedKhmer vs Mongols
[ REPLAY ANALYSIS · EXTRACTED FROM THE RECORDED GAME ]
Feudal
11:39
Castle
25:08
Imperial
30:31
| APM avg | 5.3 |
| APM peak | 15 |
| eAPM avg | 3.8 |
| Villagers / military | 41 / 0 |
Focus
⚔️ 6.5% · 🌾 93.5%
Trade Cart ×2
Feudal
13:07
Castle
22:11
Imperial
30:41
| APM avg | 9.4 |
| APM peak | 20 |
| eAPM avg | 7.1 |
| Villagers / military | 86 / 12 |
Focus
⚔️ 9.0% · 🌾 91.0%
Samurai ×9 · Spearman ×3
Feudal
19:34
Castle
28:32
Imperial
—
| APM avg | 9.2 |
| APM peak | 26 |
| eAPM avg | 7.3 |
| Villagers / military | 77 / 18 |
Focus
⚔️ 15.2% · 🌾 84.8%
Archer ×16 · Militia ×2
Feudal
11:00
Castle
14:36
Imperial
31:03
| APM avg | 20.5 |
| APM peak | 65 |
| eAPM avg | 14.8 |
| Villagers / military | 167 / 44 |
Focus
⚔️ 16.0% · 🌾 84.0%
Mangudai ×42 · Trade Cart ×32 · Monk ×2
Feudal
9:42
Castle
17:48
Imperial
31:22
| APM avg | 17.7 |
| APM peak | 44 |
| eAPM avg | 12.0 |
| Villagers / military | 124 / 34 |
Focus
⚔️ 14.9% · 🌾 85.1%
Camel Scout ×26 · Trade Cart ×17 · Trebuchet (Packed) ×7 · Monk ×1
Feudal
11:28
Castle
16:42
Imperial
28:08
| APM avg | 41.0 |
| APM peak | 120 |
| eAPM avg | 32.9 |
| Villagers / military | 376 / 36 |
Focus
⚔️ 20.8% · 🌾 79.2%
Scorpion ×14 · Mangonel ×12 · Spearman ×7 · Trade Cart ×3 · Monk ×1 · Battering Ram ×1
Feudal
12:08
Castle
17:30
Imperial
33:19
| APM avg | 24.3 |
| APM peak | 63 |
| eAPM avg | 16.3 |
| Villagers / military | 107 / 80 |
Focus
⚔️ 25.4% · 🌾 74.6%
Steppe Lancer ×67 · Battering Ram ×7 · Spearman ×5 · Monk ×1
Feudal
12:41
Castle
20:22
Imperial
—
| APM avg | 14.3 |
| APM peak | 30 |
| eAPM avg | 11.1 |
| Villagers / military | 121 / 99 |
Focus
⚔️ 19.9% · 🌾 80.1%
Skirmisher ×35 · Spearman ×28 · Composite Bowman ×28 · Trade Cart ×8 · Scorpion ×4 · Monk ×2
Match map
Initial resources + every placement click. Lines = walls · curves = elevation contours. ◆ gold · ⬟ stone · ● berries · ✦ relic · ◌ wall gap
Your base· ✓ Closed at 25:08 · 0t walls · no gate
Balala's base· ✓ Closed at 22:11 · 8t walls · no gate
Anawrahta's base· ✓ Closed at 28:32 · 32t walls · 1 gate(s)
Tamam's base· ✓ Closed at 14:36 · 0t walls · no gate
Hans Gruber's base· ✓ Closed at 17:48 · 28t walls · no gate
Buttercup's base· ✓ Closed at 16:42 · 18t walls · no gate
TheG@me_'s base· ✓ Closed at 17:30 · 0t walls · no gate
Shorts's base· ✓ Closed at 20:22 · 12t walls · 1 gate(s)
Smoothed initial terrain · ◌ = detected wall gap · hover for details
Inputs per minute
— tar275 - - Balala
Build order — tar275
89 actions detected in the replay
| 1:03 | Build | House |
| 1:07 | Build | House |
| 1:10 | Build | House |
| 1:19 | Create | Villager (Male) |
| 1:20 | Create | Villager (Male) |
| 1:20 | Create | Villager (Male) |
| 1:22 | Create | Villager (Male) |
| 2:20 | Create | Villager (Male) |
| 3:27 | Build | Lumber Camp |
| 4:01 | Create | Villager (Male) |
| 4:01 | Create | Villager (Male) |
| 6:24 | Create | Villager (Male) |
| 6:24 | Create | Villager (Male) |
| 6:25 | Create | Villager (Male) |
| 6:26 | Create | Villager (Male) |
| 9:12 | Build | Mill |
| 9:29 | Research | Feudal Age |
| 11:39 | Age | Feudal Age |
| 11:42 | Build | House |
| 11:45 | Build | House |
| 12:14 | Create | Villager (Male) |
| 12:16 | Create | Villager (Male) |
| 12:16 | Create | Villager (Male) |
| 12:16 | Create | Villager (Male) |
| 12:17 | Create | Villager (Male) |
| 12:17 | Create | Villager (Male) |
| 12:18 | Create | Villager (Male) |
| 12:19 | Create | Villager (Male) |
| 13:01 | Build | Mining Camp |
| 13:14 | Build | House |
| 13:32 | Build | Blacksmith |
| 13:55 | Build | Farm |
| 14:30 | Create | Villager (Male) |
| 14:31 | Create | Villager (Male) |
| 14:31 | Create | Villager (Male) |
| 14:31 | Create | Villager (Male) |
| 14:51 | Build | Market |
| 15:21 | Build | Farm |
| 15:28 | Build | Farm |
| 16:27 | Build | Farm |
| 16:42 | Build | Mill |
| 17:28 | Build | Farm |
| 17:32 | Create | Villager (Male) |
| 17:32 | Create | Villager (Male) |
| 17:32 | Create | Villager (Male) |
| 17:33 | Create | Villager (Male) |
| 17:34 | Create | Villager (Male) |
| 17:48 | Create | Trade Cart |
| 18:07 | Build | Farm |
| 18:36 | Build | Farm |
| 19:15 | Build | Farm |
| 19:56 | Build | House |
| 19:58 | Build | House |
| 20:00 | Build | House |
| 20:29 | Create | Villager (Male) |
| 20:30 | Create | Villager (Male) |
| 22:17 | Build | Farm |
| 22:24 | Build | Farm |
| 22:28 | Research | Castle Age |
| 22:56 | Create | Villager (Male) |
| 24:31 | Create | Villager (Male) |
| 25:08 | Age | Castle Age |
| 26:24 | Create | Trade Cart |
| 27:21 | Research | Imperial Age |
| 28:21 | Create | Villager (Male) |
| 28:21 | Create | Villager (Male) |
| 28:32 | Build | Monastery |
| 28:46 | Build | University |
| 29:22 | Create | Villager (Male) |
| 29:23 | Create | Villager (Male) |
| 29:24 | Create | Villager (Male) |
| 30:31 | Age | Imperial Age |
| 31:08 | Build | Barracks |
| 31:26 | Build | Farm |
| 31:37 | Build | Farm |
| 31:46 | Build | Mining Camp |
| 31:57 | Build | Farm |
| 32:36 | Build | Mining Camp |
| 32:52 | Create | Villager (Male) |
| 32:52 | Create | Villager (Male) |
| 32:52 | Create | Villager (Male) |
| 32:52 | Create | Villager (Male) |
| 33:06 | Build | Archery Range |
| 33:26 | Build | House |
| 33:48 | Build | Siege Workshop |
| 34:10 | Build | Castle |
| 34:47 | Build | Castle |
| 35:50 | Build | Town Center |
| 37:02 | Build | Archery Range |
Build order — Balala
145 actions detected in the replay
| 0:03 | Research | Loom |
| 0:04 | Create | Villager (Male) ×4 |
| 0:26 | Build | House |
| 1:20 | Build | Palisade Wall |
| 1:44 | Build | House |
| 2:14 | Build | House |
| 2:17 | Build | House |
| 3:05 | Build | House |
| 3:11 | Create | Villager (Male) ×3 |
| 3:29 | Build | House |
| 3:35 | Create | Villager (Male) |
| 4:26 | Create | Villager (Male) ×3 |
| 4:34 | Build | House |
| 5:15 | Create | Villager (Male) ×2 |
| 5:16 | Create | Villager (Male) ×2 |
| 5:37 | Create | Villager (Male) |
| 6:33 | Build | House |
| 6:44 | Create | Villager (Male) |
| 7:11 | Build | Mill |
| 7:34 | Build | House |
| 7:39 | Build | House |
| 8:14 | Create | Villager (Male) ×5 |
| 8:46 | Create | Villager (Male) |
| 8:55 | Build | House |
| 9:02 | Build | House |
| 9:07 | Build | House |
| 9:26 | Build | Mill |
| 9:44 | Build | Lumber Camp |
| 10:02 | Create | Villager (Male) ×3 |
| 10:23 | Create | Villager (Male) |
| 10:32 | Build | Mining Camp |
| 10:43 | Build | House |
| 10:47 | Build | House |
| 10:49 | Build | House |
| 10:57 | Research | Feudal Age |
| 12:45 | Build | House |
| 12:52 | Build | Mining Camp |
| 13:07 | Age | Feudal Age |
| 13:16 | Research | Wheelbarrow |
| 13:17 | Create | Villager (Male) |
| 13:21 | Research | Double-Bit Axe |
| 13:24 | Research | Horse Collar |
| 13:28 | Research | Gold Mining |
| 13:34 | Create | Villager (Male) |
| 14:10 | Build | Farm |
| 14:12 | Build | Farm |
| 14:13 | Build | Farm |
| 14:15 | Build | Farm |
| 14:16 | Build | Farm |
| 14:18 | Build | Farm |
| 14:19 | Build | Farm |
| 14:28 | Build | Farm |
| 14:38 | Build | Farm |
| 14:46 | Create | Villager (Male) ×5 |
| 15:13 | Build | Farm |
| 15:14 | Build | Farm |
| 15:50 | Build | House |
| 15:52 | Build | House |
| 15:54 | Build | House |
| 15:55 | Build | House |
| 15:58 | Build | House |
| 16:11 | Create | Villager (Male) ×5 |
| 16:35 | Research | Stone Mining |
| 16:51 | Build | Market |
| 17:20 | Build | Blacksmith |
| 19:02 | Research | Castle Age |
| 21:07 | Build | Barracks |
| 21:43 | Build | Farm |
| 21:47 | Build | Farm |
| 22:11 | Age | Castle Age |
| 22:13 | Research | Hand Cart |
| 22:14 | Create | Villager (Male) |
| 22:17 | Research | Gold Shaft Mining |
| 22:22 | Research | Bow Saw |
| 22:33 | Build | Castle |
| 22:40 | Create | Villager (Male) ×4 |
| 22:55 | Build | Farm |
| 22:56 | Build | Farm |
| 22:58 | Build | Farm |
| 22:59 | Build | Farm |
| 23:00 | Build | Farm |
| 23:27 | Build | Town Center |
| 23:39 | Create | Villager (Male) |
| 23:46 | Build | Farm |
| 23:47 | Build | Farm |
| 23:48 | Build | Farm |
| 24:16 | Build | University |
| 24:33 | Create | Villager (Male) |
| 24:34 | Create | Villager (Male) |
| 24:59 | Create | Villager (Male) ×5 |
| 25:07 | Build | Farm |
| 25:09 | Build | Farm |
| 25:11 | Build | Farm |
| 25:54 | Build | Farm |
| 26:04 | Research | Heavy Plow |
| 26:48 | Build | House |
| 26:50 | Build | House |
| 26:52 | Build | House |
| 26:53 | Build | House |
| 26:54 | Build | House |
| 26:56 | Build | House |
| 26:57 | Build | House |
| 26:59 | Build | House |
| 27:00 | Build | House |
| 27:24 | Create | Samurai ×5 |
| 27:31 | Research | Imperial Age |
| 27:36 | Create | Spearman ×3 |
| 27:55 | Create | Villager (Male) ×3 |
| 28:12 | Build | House |
| 28:15 | Build | House |
| 28:16 | Build | House |
| 28:40 | Research | Forging |
| 28:42 | Research | Scale Mail Armor |
| 28:54 | Build | House |
| 28:55 | Build | House |
| 29:23 | Create | Samurai ×4 |
| 30:31 | Create | Villager (Male) ×5 |
| 30:41 | Age | Imperial Age |
| 31:08 | Build | Town Center |
| 31:36 | Build | Mining Camp |
| 32:21 | Research | Fletching |
| 32:22 | Research | Chain Mail Armor |
| 32:23 | Research | Iron Casting |
| 32:33 | Build | Lumber Camp |
| 32:47 | Create | Villager (Male) ×5 |
| 32:48 | Create | Villager (Male) ×5 |
| 32:48 | Create | Villager (Male) ×5 |
| 32:59 | Build | Lumber Camp |
| 33:34 | Create | Villager (Male) |
| 33:48 | Build | Mill |
| 33:53 | Build | Farm |
| 33:54 | Build | Farm |
| 33:56 | Build | Farm |
| 34:03 | Build | Farm |
| 34:06 | Build | Farm |
| 34:07 | Build | Farm |
| 34:52 | Build | Watch Tower |
| 35:48 | Create | Villager (Male) ×5 |
| 35:48 | Create | Villager (Male) ×4 |
| 35:56 | Build | Farm |
| 35:58 | Build | Farm |
| 35:59 | Build | Farm |
| 36:05 | Build | Farm |
| 36:48 | Build | Farm |
| 37:06 | Create | Villager (Male) |
Build order — Anawrahta
First 150 of 181 actions detected
| 0:17 | Build | House |
| 0:25 | Build | House |
| 0:53 | Research | Loom |
| 0:53 | Create | Villager (Male) |
| 0:54 | Create | Villager (Male) |
| 0:54 | Create | Villager (Male) |
| 0:54 | Create | Villager (Male) |
| 2:21 | Build | Palisade Wall |
| 3:17 | Create | Villager (Male) |
| 4:12 | Create | Villager (Male) |
| 4:12 | Create | Villager (Male) |
| 4:39 | Build | Lumber Camp |
| 4:46 | Build | House |
| 4:59 | Create | Villager (Male) |
| 5:48 | Build | House |
| 6:02 | Create | Villager (Male) |
| 6:33 | Build | House |
| 7:19 | Build | House |
| 7:25 | Create | Villager (Male) |
| 7:25 | Create | Villager (Male) |
| 7:54 | Create | Villager (Male) |
| 8:28 | Create | Villager (Male) |
| 8:49 | Build | House |
| 8:56 | Create | Villager (Male) |
| 9:22 | Build | Lumber Camp |
| 9:27 | Create | Villager (Male) |
| 9:49 | Build | House |
| 10:09 | Build | Mill |
| 10:20 | Create | Villager (Male) |
| 10:21 | Create | Villager (Male) |
| 10:21 | Create | Villager (Male) |
| 12:05 | Build | House |
| 12:24 | Create | Villager (Male) |
| 12:25 | Create | Villager (Male) |
| 12:37 | Create | Villager (Male) |
| 12:38 | Create | Villager (Male) |
| 13:22 | Create | Villager (Male) |
| 13:22 | Create | Villager (Male) |
| 13:22 | Create | Villager (Male) |
| 13:23 | Create | Villager (Male) |
| 13:23 | Create | Villager (Male) |
| 14:35 | Create | Villager (Male) |
| 14:35 | Create | Villager (Male) |
| 14:35 | Create | Villager (Male) |
| 15:02 | Build | House |
| 16:03 | Build | Mining Camp |
| 16:13 | Build | House |
| 16:20 | Build | House |
| 16:24 | Build | House |
| 17:10 | Build | Barracks |
| 17:24 | Research | Feudal Age |
| 17:43 | Build | Farm |
| 17:47 | Build | Farm |
| 17:50 | Build | Farm |
| 17:53 | Build | Farm |
| 17:58 | Build | Farm |
| 18:02 | Build | Farm |
| 18:30 | Create | Militia |
| 18:30 | Create | Militia |
| 19:18 | Build | Farm |
| 19:22 | Build | Farm |
| 19:26 | Build | Farm |
| 19:30 | Build | Farm |
| 19:34 | Age | Feudal Age |
| 19:34 | Build | Farm |
| 19:39 | Build | Farm |
| 19:46 | Research | Double-Bit Axe |
| 19:49 | Research | Wheelbarrow |
| 19:53 | Research | Horse Collar |
| 20:00 | Research | Stone Mining |
| 20:01 | Research | Gold Mining |
| 20:11 | Build | Watch Tower |
| 20:38 | Build | Mining Camp |
| 20:48 | Create | Villager (Male) |
| 20:48 | Create | Villager (Male) |
| 20:49 | Create | Villager (Male) |
| 20:49 | Create | Villager (Male) |
| 20:49 | Create | Villager (Male) |
| 20:49 | Create | Villager (Male) |
| 20:50 | Create | Villager (Male) |
| 21:21 | Build | Market |
| 21:27 | Build | Blacksmith |
| 21:32 | Create | Villager (Male) |
| 21:32 | Create | Villager (Male) |
| 21:33 | Create | Villager (Male) |
| 21:33 | Create | Villager (Male) |
| 21:59 | Build | Stone Wall |
| 23:46 | Build | Farm |
| 24:07 | Build | Farm |
| 24:30 | Build | Farm |
| 25:15 | Build | Gate |
| 25:52 | Research | Castle Age |
| 26:17 | Build | Market |
| 26:22 | Build | House |
| 26:27 | Build | House |
| 26:31 | Build | House |
| 26:35 | Build | House |
| 26:40 | Build | House |
| 26:44 | Build | House |
| 26:48 | Build | House |
| 26:52 | Build | House |
| 27:21 | Build | Archery Range |
| 27:27 | Build | Archery Range |
| 28:32 | Age | Castle Age |
| 28:53 | Research | Thumb Ring |
| 28:57 | Research | Crossbowman (upgrade) |
| 29:08 | Research | Bow Saw |
| 29:13 | Build | Lumber Camp |
| 29:17 | Research | Heavy Plow |
| 29:20 | Research | Hand Cart |
| 29:27 | Research | Stone Shaft Mining |
| 29:39 | Research | Gold Shaft Mining |
| 29:55 | Build | Castle |
| 30:34 | Create | Villager (Male) |
| 30:35 | Create | Villager (Male) |
| 30:35 | Create | Villager (Male) |
| 30:38 | Create | Villager (Male) |
| 30:39 | Create | Villager (Male) |
| 30:39 | Create | Villager (Male) |
| 30:39 | Create | Villager (Male) |
| 30:49 | Build | Town Center |
| 31:01 | Create | Villager (Male) |
| 31:01 | Create | Villager (Male) |
| 31:01 | Create | Villager (Male) |
| 31:01 | Create | Villager (Male) |
| 31:02 | Create | Villager (Male) |
| 31:30 | Create | Villager (Male) |
| 31:31 | Create | Villager (Male) |
| 32:30 | Build | Town Center |
| 32:37 | Create | Villager (Male) |
| 32:37 | Create | Villager (Male) |
| 32:38 | Create | Villager (Male) |
| 32:38 | Create | Villager (Male) |
| 32:38 | Create | Villager (Male) |
| 32:39 | Create | Villager (Male) |
| 32:49 | Build | Mill |
| 32:52 | Build | Farm |
| 32:57 | Build | Farm |
| 33:01 | Build | Farm |
| 33:06 | Build | Farm |
| 33:14 | Create | Villager (Male) |
| 34:51 | Research | Imperial Age |
| 34:55 | Create | Villager (Male) |
| 34:56 | Create | Villager (Male) |
| 35:07 | Create | Archer |
| 35:08 | Create | Archer |
| 35:14 | Create | Archer |
| 35:14 | Create | Archer |
| 35:29 | Create | Villager (Male) |
| 35:29 | Create | Villager (Male) |
Build order — Tamam
First 150 of 283 actions detected
| 0:01 | Create | Villager (Male) ×4 |
| 0:02 | Build | House |
| 0:04 | Build | House |
| 1:24 | Create | Villager (Male) |
| 1:47 | Build | Lumber Camp |
| 1:57 | Create | Villager (Male) |
| 2:12 | Create | Villager (Male) |
| 2:48 | Create | Villager (Male) |
| 3:00 | Create | Villager (Male) |
| 3:04 | Build | House |
| 3:31 | Create | Villager (Male) |
| 3:43 | Create | Villager (Male) |
| 4:15 | Research | Loom |
| 4:15 | Create | Villager (Male) |
| 4:44 | Create | Villager (Male) |
| 5:17 | Create | Villager (Male) |
| 5:18 | Create | Villager (Male) |
| 5:18 | Create | Villager (Male) |
| 5:34 | Create | Villager (Male) |
| 5:35 | Create | Villager (Male) |
| 5:35 | Create | Villager (Male) |
| 5:57 | Create | Villager (Male) |
| 6:09 | Build | House |
| 6:12 | Create | Villager (Male) |
| 6:53 | Build | Mining Camp |
| 7:18 | Build | Mill |
| 7:38 | Create | Villager (Male) |
| 7:49 | Build | House |
| 8:03 | Create | Villager (Male) |
| 8:41 | Research | Feudal Age |
| 9:40 | Create | Villager (Male) |
| 9:40 | Create | Villager (Male) |
| 11:00 | Age | Feudal Age |
| 11:08 | Build | Market |
| 11:13 | Build | Blacksmith |
| 11:36 | Research | Double-Bit Axe |
| 11:56 | Research | Castle Age |
| 12:09 | Build | Lumber Camp |
| 13:41 | Research | Horse Collar |
| 14:07 | Create | Villager (Male) |
| 14:07 | Create | Villager (Male) |
| 14:19 | Build | House |
| 14:30 | Build | Farm |
| 14:31 | Build | Farm |
| 14:34 | Build | Farm |
| 14:36 | Age | Castle Age |
| 14:37 | Build | Farm |
| 14:42 | Build | Town Center |
| 14:50 | Build | Town Center |
| 14:56 | Research | Bow Saw |
| 15:22 | Create | Villager (Male) |
| 15:24 | Create | Villager (Male) |
| 15:42 | Build | Town Center |
| 15:48 | Create | Villager (Male) |
| 15:49 | Create | Villager (Male) |
| 15:50 | Create | Villager (Male) |
| 15:50 | Create | Villager (Male) |
| 16:33 | Create | Villager (Male) |
| 16:34 | Create | Villager (Male) |
| 16:43 | Build | Farm |
| 16:43 | Build | Farm |
| 16:48 | Build | Farm |
| 16:49 | Build | Farm |
| 16:53 | Build | Farm |
| 16:54 | Create | Villager (Male) |
| 17:04 | Build | Farm |
| 17:05 | Build | Farm |
| 17:06 | Create | Villager (Male) |
| 17:07 | Create | Villager (Male) |
| 17:15 | Build | Farm |
| 17:19 | Create | Villager (Male) ×5 |
| 17:33 | Create | Villager (Male) |
| 17:38 | Build | Farm |
| 17:40 | Build | Farm |
| 17:41 | Create | Villager (Male) |
| 18:01 | Build | House |
| 18:05 | Create | Villager (Male) |
| 18:08 | Build | House |
| 18:10 | Build | House |
| 18:11 | Build | House |
| 18:16 | Create | Villager (Male) |
| 18:19 | Build | Farm |
| 18:20 | Build | Farm |
| 18:21 | Create | Villager (Male) |
| 18:33 | Build | Monastery |
| 18:35 | Create | Villager (Male) |
| 18:37 | Create | Villager (Male) |
| 18:50 | Build | Farm |
| 18:52 | Build | Farm |
| 18:53 | Build | Farm |
| 18:54 | Build | Farm |
| 18:55 | Build | Farm |
| 18:59 | Create | Villager (Male) |
| 19:13 | Create | Monk |
| 19:19 | Create | Villager (Male) ×5 |
| 19:26 | Build | Farm |
| 19:29 | Build | Farm |
| 19:30 | Build | Farm |
| 19:32 | Create | Villager (Male) |
| 19:36 | Build | Farm |
| 19:36 | Build | Farm |
| 19:37 | Create | Villager (Male) |
| 19:40 | Build | Farm |
| 19:42 | Build | Farm |
| 19:43 | Create | Villager (Male) |
| 19:48 | Build | Farm |
| 20:22 | Create | Villager (Male) |
| 20:22 | Create | Villager (Male) |
| 20:26 | Research | Gold Mining |
| 20:31 | Build | Mining Camp |
| 20:40 | Create | Villager (Male) |
| 20:40 | Create | Villager (Male) |
| 20:40 | Create | Villager (Male) |
| 20:56 | Research | Wheelbarrow |
| 20:56 | Create | Villager (Male) ×5 |
| 21:09 | Build | House |
| 21:16 | Build | House |
| 21:17 | Build | House |
| 21:25 | Build | House |
| 21:26 | Build | House |
| 21:27 | Build | House |
| 21:29 | Build | Lumber Camp |
| 21:37 | Build | Town Center |
| 21:43 | Create | Villager (Male) |
| 21:46 | Create | Monk |
| 22:01 | Create | Villager (Male) |
| 22:01 | Create | Villager (Male) |
| 22:19 | Build | Lumber Camp |
| 22:20 | Create | Villager (Male) |
| 22:25 | Research | Gold Shaft Mining |
| 22:28 | Research | Stone Mining |
| 22:31 | Create | Villager (Male) |
| 22:38 | Build | Farm |
| 22:40 | Build | Farm |
| 22:41 | Build | Farm |
| 22:42 | Build | Farm |
| 22:43 | Create | Villager (Male) |
| 22:54 | Create | Villager (Male) ×5 |
| 23:00 | Build | Mining Camp |
| 23:10 | Build | Lumber Camp |
| 23:18 | Research | Hand Cart |
| 23:24 | Create | Villager (Male) |
| 23:25 | Create | Villager (Male) |
| 23:25 | Create | Villager (Male) |
| 23:31 | Build | Farm |
| 23:36 | Create | Villager (Male) ×5 |
| 23:39 | Build | Farm |
| 23:40 | Build | Farm |
| 23:42 | Create | Villager (Male) |
| 24:11 | Research | Stone Shaft Mining |
Build order — Hans Gruber
First 150 of 286 actions detected
| 0:02 | Create | Villager (Male) ×4 |
| 0:05 | Build | House |
| 0:08 | Build | House |
| 1:09 | Create | Villager (Male) |
| 1:30 | Build | Lumber Camp |
| 1:39 | Create | Villager (Male) |
| 2:08 | Create | Villager (Male) |
| 2:27 | Create | Villager (Male) |
| 2:28 | Create | Villager (Male) |
| 3:05 | Create | Villager (Male) |
| 3:26 | Build | House |
| 3:38 | Create | Villager (Male) |
| 3:50 | Create | Villager (Male) |
| 4:28 | Create | Villager (Male) |
| 4:28 | Create | Villager (Male) |
| 5:20 | Create | Villager (Male) |
| 5:21 | Create | Villager (Male) |
| 5:27 | Build | House |
| 5:37 | Build | Mill |
| 5:46 | Build | Mill |
| 5:57 | Create | Villager (Male) |
| 5:57 | Create | Villager (Male) |
| 6:18 | Research | Loom |
| 7:29 | Research | Feudal Age |
| 8:15 | Build | Farm |
| 8:17 | Build | Farm |
| 8:18 | Build | Farm |
| 8:29 | Build | Farm |
| 8:31 | Build | Farm |
| 8:34 | Build | Farm |
| 8:59 | Create | Villager (Male) |
| 8:59 | Create | Villager (Male) |
| 8:59 | Create | Villager (Male) |
| 9:38 | Build | Palisade Wall |
| 9:42 | Age | Feudal Age |
| 9:51 | Build | Stone Wall |
| 9:54 | Create | Villager (Male) |
| 10:09 | Build | Market |
| 10:22 | Build | House |
| 10:30 | Research | Double-Bit Axe |
| 10:56 | Build | House |
| 11:12 | Create | Villager (Male) |
| 11:13 | Create | Villager (Male) |
| 11:13 | Create | Villager (Male) |
| 11:21 | Build | Blacksmith |
| 11:34 | Build | Farm |
| 11:51 | Build | Mining Camp |
| 11:53 | Create | Villager (Male) |
| 12:12 | Build | Farm |
| 12:21 | Build | Farm |
| 12:51 | Create | Villager (Male) |
| 12:51 | Create | Villager (Male) |
| 12:52 | Create | Villager (Male) |
| 13:10 | Build | Mining Camp |
| 13:48 | Build | House |
| 13:49 | Build | House |
| 13:50 | Build | House |
| 13:51 | Build | House |
| 13:58 | Create | Villager (Male) |
| 14:22 | Create | Villager (Male) |
| 15:00 | Research | Castle Age |
| 15:31 | Research | Horse Collar |
| 16:12 | Build | House |
| 16:14 | Build | House |
| 16:29 | Build | Farm |
| 16:29 | Build | Farm |
| 16:30 | Build | Farm |
| 16:30 | Build | Farm |
| 16:31 | Build | Farm |
| 16:32 | Build | Farm |
| 16:33 | Build | Farm |
| 16:34 | Build | Farm |
| 16:47 | Create | Villager (Male) |
| 16:48 | Create | Villager (Male) |
| 16:48 | Create | Villager (Male) |
| 17:18 | Build | House |
| 17:22 | Build | House |
| 17:22 | Build | House |
| 17:24 | Build | House |
| 17:25 | Build | House |
| 17:26 | Build | House |
| 17:27 | Build | House |
| 17:44 | Build | Farm |
| 17:48 | Age | Castle Age |
| 17:53 | Create | Villager (Male) |
| 18:32 | Build | Town Center |
| 19:13 | Build | Town Center |
| 19:17 | Create | Villager (Male) |
| 19:17 | Create | Villager (Male) |
| 19:36 | Create | Villager (Male) |
| 19:36 | Create | Villager (Male) |
| 19:42 | Research | Bow Saw |
| 20:20 | Build | Town Center |
| 20:25 | Create | Villager (Male) |
| 20:26 | Create | Villager (Male) |
| 20:26 | Create | Villager (Male) |
| 20:28 | Create | Villager (Male) |
| 20:46 | Build | Monastery |
| 20:53 | Build | University |
| 20:56 | Create | Villager (Male) |
| 20:56 | Create | Villager (Male) |
| 21:02 | Build | House |
| 21:02 | Build | House |
| 21:04 | Build | House |
| 21:05 | Build | House |
| 21:06 | Build | House |
| 21:08 | Build | House |
| 21:19 | Create | Villager (Male) |
| 21:20 | Create | Villager (Male) |
| 21:36 | Build | Mining Camp |
| 21:58 | Build | Stone Wall |
| 22:00 | Create | Villager (Male) |
| 22:01 | Create | Villager (Male) |
| 22:02 | Create | Villager (Male) |
| 22:02 | Create | Villager (Male) |
| 22:03 | Create | Villager (Male) |
| 22:14 | Research | Fortified Wall (upgrade) |
| 22:17 | Research | Heavy Plow |
| 22:35 | Create | Villager (Male) |
| 22:35 | Create | Villager (Male) |
| 22:36 | Create | Villager (Male) |
| 22:37 | Create | Villager (Male) |
| 22:38 | Create | Villager (Male) |
| 23:02 | Build | Mining Camp |
| 23:04 | Create | Monk |
| 23:07 | Create | Villager (Male) |
| 23:08 | Create | Villager (Male) |
| 23:08 | Create | Villager (Male) |
| 23:09 | Create | Villager (Male) |
| 23:11 | Create | Villager (Male) |
| 23:12 | Create | Villager (Male) |
| 23:12 | Create | Villager (Male) |
| 23:24 | Build | Farm |
| 23:25 | Build | Farm |
| 23:26 | Build | Farm |
| 23:27 | Build | Farm |
| 23:30 | Create | Villager (Male) |
| 23:31 | Create | Villager (Male) |
| 23:33 | Create | Villager (Male) |
| 23:34 | Create | Villager (Male) |
| 23:36 | Create | Villager (Male) |
| 23:39 | Create | Villager (Male) |
| 23:46 | Build | Farm |
| 23:47 | Build | Farm |
| 23:48 | Build | Farm |
| 24:12 | Build | Barracks |
| 24:22 | Build | House |
| 24:23 | Build | House |
| 24:24 | Build | House |
| 24:25 | Build | House |
Build order — Buttercup
First 150 of 632 actions detected
| 0:02 | Create | Villager (Male) |
| 0:02 | Create | Villager (Male) |
| 0:02 | Create | Villager (Male) |
| 0:02 | Create | Villager (Male) |
| 0:02 | Create | Villager (Male) |
| 0:02 | Create | Villager (Male) |
| 0:02 | Create | Villager (Male) |
| 0:03 | Build | House |
| 0:05 | Build | House |
| 0:44 | Research | Loom |
| 0:45 | Create | Villager (Male) |
| 0:45 | Create | Villager (Male) |
| 0:45 | Create | Villager (Male) |
| 0:45 | Create | Villager (Male) |
| 0:45 | Create | Villager (Male) |
| 0:45 | Create | Villager (Male) |
| 0:45 | Create | Villager (Male) |
| 0:45 | Create | Villager (Male) |
| 1:10 | Build | Palisade Wall |
| 1:51 | Create | Villager (Male) |
| 1:51 | Create | Villager (Male) |
| 1:51 | Create | Villager (Male) |
| 1:51 | Create | Villager (Male) |
| 1:51 | Create | Villager (Male) |
| 2:20 | Build | Palisade Wall |
| 2:33 | Create | Villager (Male) |
| 2:33 | Create | Villager (Male) |
| 2:33 | Create | Villager (Male) |
| 2:33 | Create | Villager (Male) |
| 2:33 | Create | Villager (Male) |
| 2:34 | Create | Villager (Male) |
| 2:34 | Create | Villager (Male) |
| 2:34 | Create | Villager (Male) |
| 2:44 | Build | Palisade Wall |
| 2:57 | Build | Palisade Wall |
| 3:01 | Create | Villager (Male) |
| 3:01 | Create | Villager (Male) |
| 3:01 | Create | Villager (Male) |
| 3:01 | Create | Villager (Male) |
| 3:01 | Create | Villager (Male) |
| 3:01 | Create | Villager (Male) |
| 3:01 | Create | Villager (Male) |
| 3:25 | Create | Villager (Male) |
| 3:25 | Create | Villager (Male) |
| 3:25 | Create | Villager (Male) |
| 3:25 | Create | Villager (Male) |
| 3:25 | Create | Villager (Male) |
| 3:25 | Create | Villager (Male) |
| 3:52 | Build | Lumber Camp |
| 3:53 | Create | Villager (Male) |
| 3:53 | Create | Villager (Male) |
| 3:53 | Create | Villager (Male) |
| 3:53 | Create | Villager (Male) |
| 3:53 | Create | Villager (Male) |
| 3:53 | Create | Villager (Male) |
| 3:53 | Create | Villager (Male) |
| 4:06 | Build | House |
| 4:13 | Create | Villager (Male) |
| 4:13 | Create | Villager (Male) |
| 4:13 | Create | Villager (Male) |
| 4:13 | Create | Villager (Male) |
| 4:13 | Create | Villager (Male) |
| 4:13 | Create | Villager (Male) |
| 4:37 | Create | Villager (Male) |
| 4:37 | Create | Villager (Male) |
| 4:37 | Create | Villager (Male) |
| 4:37 | Create | Villager (Male) |
| 4:37 | Create | Villager (Male) |
| 4:37 | Create | Villager (Male) |
| 5:05 | Create | Villager (Male) |
| 5:05 | Create | Villager (Male) |
| 5:05 | Create | Villager (Male) |
| 5:05 | Create | Villager (Male) |
| 5:05 | Create | Villager (Male) |
| 5:05 | Create | Villager (Male) |
| 5:33 | Create | Villager (Male) |
| 5:33 | Create | Villager (Male) |
| 5:33 | Create | Villager (Male) |
| 5:33 | Create | Villager (Male) |
| 5:33 | Create | Villager (Male) |
| 5:33 | Create | Villager (Male) |
| 5:33 | Create | Villager (Male) |
| 5:39 | Build | Mill |
| 5:49 | Create | Villager (Male) |
| 5:49 | Create | Villager (Male) |
| 5:49 | Create | Villager (Male) |
| 5:49 | Create | Villager (Male) |
| 5:49 | Create | Villager (Male) |
| 5:49 | Create | Villager (Male) |
| 5:49 | Create | Villager (Male) |
| 6:07 | Create | Villager (Male) |
| 6:07 | Create | Villager (Male) |
| 6:07 | Create | Villager (Male) |
| 6:07 | Create | Villager (Male) |
| 6:07 | Create | Villager (Male) |
| 6:08 | Create | Villager (Male) |
| 6:08 | Create | Villager (Male) |
| 6:38 | Build | House |
| 6:54 | Build | Mill |
| 7:01 | Create | Villager (Male) |
| 7:01 | Create | Villager (Male) |
| 7:01 | Create | Villager (Male) |
| 7:01 | Create | Villager (Male) |
| 7:01 | Create | Villager (Male) |
| 7:18 | Create | Villager (Male) |
| 7:19 | Create | Villager (Male) |
| 7:19 | Create | Villager (Male) |
| 7:19 | Create | Villager (Male) |
| 7:19 | Create | Villager (Male) |
| 7:19 | Create | Villager (Male) |
| 7:19 | Create | Villager (Male) |
| 7:46 | Build | Mining Camp |
| 7:49 | Create | Villager (Male) |
| 9:12 | Research | Feudal Age |
| 9:23 | Build | House |
| 9:44 | Create | Villager (Male) |
| 9:45 | Create | Villager (Male) |
| 10:52 | Create | Villager (Male) |
| 11:23 | Create | Villager (Male) |
| 11:23 | Create | Villager (Male) |
| 11:23 | Create | Villager (Male) |
| 11:28 | Age | Feudal Age |
| 11:34 | Research | Double-Bit Axe |
| 11:36 | Create | Villager (Male) |
| 12:03 | Build | Market |
| 12:09 | Research | Horse Collar |
| 12:42 | Create | Villager (Male) |
| 13:04 | Build | Blacksmith |
| 13:06 | Build | Farm |
| 13:08 | Build | Farm |
| 13:09 | Build | Farm |
| 13:10 | Build | Farm |
| 13:47 | Build | Mining Camp |
| 14:02 | Research | Castle Age |
| 14:36 | Create | Villager (Male) |
| 14:47 | Build | Farm |
| 14:52 | Build | Farm |
| 14:58 | Build | House |
| 15:02 | Build | Farm |
| 15:04 | Research | Gold Mining |
| 15:22 | Create | Villager (Male) |
| 15:42 | Build | Farm |
| 15:44 | Build | Farm |
| 15:46 | Research | Stone Mining |
| 16:19 | Create | Villager (Male) |
| 16:42 | Age | Castle Age |
| 16:43 | Research | Bow Saw |
| 16:43 | Research | Bow Saw |
| 16:43 | Research | Heavy Plow |
| 17:11 | Create | Villager (Male) |
Build order — TheG@me_
First 150 of 340 actions detected
| 0:04 | Create | Villager (Male) |
| 0:04 | Create | Villager (Male) |
| 0:04 | Create | Villager (Male) |
| 0:04 | Create | Villager (Male) |
| 0:05 | Create | Villager (Male) |
| 0:06 | Build | House |
| 0:07 | Build | House |
| 1:28 | Create | Villager (Male) |
| 1:28 | Create | Villager (Male) |
| 1:52 | Build | Lumber Camp |
| 2:06 | Create | Villager (Male) |
| 2:27 | Create | Villager (Male) |
| 2:36 | Create | Villager (Male) |
| 3:06 | Build | House |
| 3:08 | Create | Villager (Male) |
| 3:58 | Create | Villager (Male) |
| 3:58 | Create | Villager (Male) |
| 3:58 | Create | Villager (Male) |
| 4:27 | Build | House |
| 4:34 | Create | Villager (Male) |
| 4:34 | Create | Villager (Male) |
| 5:23 | Create | Villager (Male) |
| 5:24 | Create | Villager (Male) |
| 5:57 | Build | Mining Camp |
| 6:11 | Create | Villager (Male) |
| 6:12 | Create | Villager (Male) |
| 6:12 | Create | Villager (Male) |
| 6:20 | Build | Mill |
| 6:29 | Create | Villager (Male) |
| 6:30 | Create | Villager (Male) |
| 6:44 | Build | House |
| 7:52 | Create | Villager (Male) |
| 8:25 | Create | Villager (Male) |
| 8:36 | Build | House |
| 8:55 | Create | Villager (Male) |
| 9:06 | Build | Mill |
| 9:24 | Create | Villager (Male) |
| 9:28 | Research | Feudal Age |
| 11:15 | Create | Villager (Male) |
| 11:15 | Create | Villager (Male) |
| 11:15 | Create | Villager (Male) |
| 12:08 | Age | Feudal Age |
| 12:16 | Build | Town Center |
| 12:35 | Build | Market |
| 13:13 | Create | Villager (Male) |
| 13:14 | Create | Villager (Male) |
| 13:45 | Build | Blacksmith |
| 13:50 | Create | Villager (Male) |
| 13:51 | Create | Villager (Male) |
| 14:19 | Build | Lumber Camp |
| 14:25 | Create | Villager (Male) |
| 14:36 | Create | Villager (Male) |
| 14:36 | Create | Villager (Male) |
| 14:38 | Research | Castle Age |
| 15:02 | Build | Farm |
| 15:05 | Build | Farm |
| 15:07 | Build | Farm |
| 15:09 | Build | Farm |
| 15:19 | Build | Farm |
| 15:25 | Create | Villager (Male) |
| 15:27 | Research | Double-Bit Axe |
| 15:37 | Create | Villager (Male) |
| 16:16 | Create | Villager (Male) |
| 16:20 | Create | Villager (Male) |
| 16:22 | Create | Villager (Male) |
| 16:40 | Research | Horse Collar |
| 16:50 | Build | House |
| 16:55 | Build | House |
| 17:00 | Build | House |
| 17:02 | Build | House |
| 17:03 | Build | House |
| 17:08 | Build | House |
| 17:11 | Build | Farm |
| 17:12 | Build | Farm |
| 17:18 | Build | Farm |
| 17:19 | Build | Farm |
| 17:19 | Build | Farm |
| 17:20 | Build | Farm |
| 17:21 | Build | Farm |
| 17:22 | Build | Farm |
| 17:23 | Build | Farm |
| 17:30 | Age | Castle Age |
| 17:33 | Create | Villager (Male) |
| 17:42 | Build | Town Center |
| 17:49 | Build | Monastery |
| 17:52 | Create | Villager (Male) |
| 18:00 | Create | Villager (Male) |
| 18:03 | Create | Villager (Male) |
| 18:23 | Build | Farm |
| 18:24 | Build | Farm |
| 18:27 | Build | Farm |
| 18:28 | Build | Farm |
| 18:35 | Create | Villager (Male) |
| 18:40 | Create | Monk |
| 18:43 | Create | Villager (Male) |
| 18:44 | Create | Villager (Male) |
| 18:58 | Build | Farm |
| 19:01 | Build | Farm |
| 19:03 | Build | Farm |
| 19:08 | Create | Villager (Male) |
| 19:09 | Create | Villager (Male) |
| 19:10 | Create | Villager (Male) |
| 19:15 | Build | Farm |
| 19:15 | Build | Farm |
| 19:16 | Build | Farm |
| 19:17 | Build | Farm |
| 19:20 | Build | Farm |
| 19:28 | Create | Villager (Male) |
| 19:29 | Create | Villager (Male) |
| 19:44 | Build | House |
| 19:45 | Build | House |
| 19:47 | Create | Villager (Male) |
| 20:01 | Create | Villager (Male) |
| 20:02 | Create | Villager (Male) |
| 20:02 | Create | Villager (Male) |
| 20:20 | Build | Farm |
| 20:22 | Build | Farm |
| 20:26 | Build | Farm |
| 20:27 | Build | Farm |
| 20:39 | Build | Town Center |
| 20:45 | Create | Villager (Male) |
| 20:46 | Create | Villager (Male) |
| 20:47 | Research | Wheelbarrow |
| 20:48 | Research | Loom |
| 20:49 | Research | Town Watch |
| 20:53 | Build | House |
| 20:55 | Build | House |
| 20:56 | Build | House |
| 20:57 | Build | House |
| 20:58 | Create | Villager (Male) |
| 20:59 | Create | Villager (Male) |
| 21:01 | Create | Villager (Male) |
| 21:19 | Build | Siege Workshop |
| 21:21 | Create | Villager (Male) |
| 21:21 | Create | Villager (Male) |
| 21:22 | Create | Villager (Male) |
| 21:27 | Build | Farm |
| 21:28 | Build | Farm |
| 21:42 | Create | Villager (Male) |
| 21:43 | Create | Villager (Male) |
| 21:44 | Create | Villager (Male) |
| 21:54 | Research | Bow Saw |
| 22:00 | Create | Villager (Male) |
| 22:17 | Create | Villager (Male) |
| 22:18 | Create | Villager (Male) |
| 22:21 | Create | Villager (Male) |
| 22:23 | Create | Villager (Male) |
| 22:43 | Create | Villager (Male) |
| 22:44 | Create | Villager (Male) |
| 22:45 | Create | Villager (Male) |
Build order — Shorts
First 150 of 259 actions detected
| 0:03 | Build | House |
| 0:05 | Build | House |
| 0:24 | Create | Villager (Male) |
| 0:24 | Create | Villager (Male) |
| 0:26 | Create | Villager (Male) |
| 0:27 | Create | Villager (Male) |
| 0:27 | Create | Villager (Male) |
| 1:47 | Build | Palisade Wall |
| 1:53 | Build | Palisade Gate |
| 1:57 | Create | Villager (Male) |
| 2:32 | Build | Mule Cart |
| 2:38 | Create | Villager (Male) |
| 2:38 | Create | Villager (Male) |
| 3:08 | Research | Loom |
| 3:27 | Create | Villager (Male) |
| 3:28 | Create | Villager (Male) |
| 4:28 | Create | Villager (Male) |
| 4:28 | Create | Villager (Male) |
| 4:49 | Create | Villager (Male) |
| 5:21 | Build | Mill |
| 5:41 | Build | House |
| 5:56 | Create | Villager (Male) |
| 5:57 | Create | Villager (Male) |
| 6:12 | Build | House |
| 6:31 | Create | Villager (Male) |
| 6:31 | Create | Villager (Male) |
| 6:32 | Create | Villager (Male) |
| 7:24 | Create | Villager (Male) |
| 7:25 | Create | Villager (Male) |
| 7:29 | Create | Villager (Male) |
| 8:32 | Create | Villager (Male) |
| 8:33 | Create | Villager (Male) |
| 8:43 | Build | Mule Cart |
| 9:13 | Build | House |
| 9:19 | Create | Villager (Male) |
| 9:20 | Create | Villager (Male) |
| 10:29 | Research | Feudal Age |
| 10:52 | Build | House |
| 10:53 | Build | House |
| 11:32 | Build | Barracks |
| 11:33 | Build | House |
| 11:35 | Build | House |
| 11:58 | Build | Farm |
| 12:03 | Build | Farm |
| 12:05 | Create | Villager (Male) |
| 12:05 | Create | Villager (Male) |
| 12:06 | Create | Villager (Male) |
| 12:08 | Create | Villager (Male) |
| 12:19 | Build | Farm |
| 12:23 | Build | Farm |
| 12:41 | Age | Feudal Age |
| 12:53 | Build | Blacksmith |
| 13:08 | Build | Market |
| 13:26 | Build | Mule Cart |
| 13:29 | Create | Villager (Male) |
| 13:42 | Research | Horse Collar |
| 13:45 | Create | Villager (Male) |
| 14:04 | Build | Farm |
| 14:13 | Research | Double-Bit Axe |
| 14:50 | Create | Villager (Male) |
| 14:51 | Create | Villager (Male) |
| 14:57 | Build | Farm |
| 15:07 | Build | Mill |
| 15:11 | Create | Villager (Male) |
| 15:36 | Build | Farm |
| 15:54 | Build | Farm |
| 15:55 | Build | Farm |
| 15:59 | Create | Villager (Male) |
| 16:15 | Build | Farm |
| 16:31 | Create | Villager (Male) |
| 16:32 | Create | Villager (Male) |
| 17:04 | Build | Farm |
| 17:10 | Build | Farm |
| 17:11 | Build | Farm |
| 17:16 | Build | Farm |
| 17:16 | Build | Farm |
| 17:28 | Research | Castle Age |
| 17:50 | Build | House |
| 17:51 | Build | House |
| 17:54 | Build | House |
| 17:55 | Build | House |
| 17:56 | Build | House |
| 18:37 | Research | Pikeman (upgrade) |
| 18:40 | Research | Arson |
| 18:42 | Create | Spearman ×5 |
| 18:57 | Build | Archery Range |
| 19:04 | Create | Villager (Male) |
| 19:04 | Create | Villager (Male) |
| 19:05 | Create | Villager (Male) |
| 20:03 | Build | Farm |
| 20:05 | Build | Farm |
| 20:17 | Create | Trade Cart |
| 20:18 | Create | Trade Cart |
| 20:22 | Age | Castle Age |
| 20:48 | Create | Villager (Male) |
| 21:24 | Build | Monastery |
| 21:35 | Create | Villager (Male) |
| 22:06 | Build | Town Center |
| 22:15 | Create | Villager (Male) |
| 22:15 | Create | Villager (Male) |
| 22:15 | Create | Villager (Male) |
| 22:18 | Create | Villager (Male) |
| 22:18 | Create | Villager (Male) |
| 22:38 | Create | Villager (Male) |
| 22:41 | Create | Monk |
| 22:42 | Create | Monk |
| 22:49 | Create | Villager (Male) |
| 23:00 | Research | Heavy Plow |
| 23:12 | Research | Bow Saw |
| 23:34 | Research | Squires |
| 23:37 | Create | Villager (Male) |
| 23:40 | Create | Villager (Male) |
| 23:40 | Create | Villager (Male) |
| 23:41 | Create | Villager (Male) |
| 23:41 | Create | Villager (Male) |
| 23:42 | Create | Villager (Male) |
| 23:43 | Create | Villager (Male) |
| 23:44 | Create | Villager (Male) |
| 24:43 | Research | Gambesons |
| 24:46 | Create | Villager (Male) |
| 24:46 | Create | Villager (Male) |
| 24:48 | Create | Villager (Male) |
| 24:49 | Create | Villager (Male) |
| 24:49 | Create | Villager (Male) |
| 24:57 | Build | Town Center |
| 25:05 | Build | Farm |
| 25:06 | Build | Farm |
| 25:06 | Build | Farm |
| 25:07 | Build | Farm |
| 25:09 | Create | Villager (Male) |
| 25:09 | Create | Villager (Male) |
| 25:14 | Create | Villager (Male) |
| 25:15 | Create | Villager (Male) |
| 25:22 | Research | Stone Mining |
| 25:23 | Research | Gold Mining |
| 25:34 | Create | Villager (Male) |
| 25:43 | Research | Caravan |
| 25:43 | Create | Trade Cart |
| 25:56 | Research | Man-at-Arms (upgrade) |
| 26:01 | Create | Villager (Male) |
| 26:01 | Create | Villager (Male) |
| 26:07 | Create | Villager (Male) |
| 26:34 | Build | Castle |
| 26:49 | Research | Elite Skirmisher (upgrade) |
| 26:52 | Create | Villager (Male) |
| 26:55 | Create | Villager (Male) |
| 26:56 | Create | Villager (Male) |
| 26:56 | Create | Villager (Male) |
| 26:58 | Create | Villager (Male) |
| 27:06 | Research | Wheelbarrow |
Match timeline
| 1:10 | Buttercup · wall_segment Palisade Wall x12 |
| 1:20 | Balala · wall_segment Palisade Wall x8 |
| 1:47 | Shorts · wall_segment Palisade Wall x12 |
| 2:20 | Buttercup · wall_segment Palisade Wall x3 |
| 2:21 | Anawrahta · wall_segment Palisade Wall x15 |
| 2:44 | Buttercup · wall_segment Palisade Wall x1 |
| 2:57 | Buttercup · wall_segment Palisade Wall x3 |
| 9:38 | Hans Gruber · wall_segment Palisade Wall x13 |
| 9:42 | Hans Gruber · age_up feudal |
| 9:51 | Hans Gruber · wall_segment Stone Wall x15 |
| 11:00 | Tamam · age_up feudal |
| 11:28 | Buttercup · age_up feudal |
| 11:32 | Shorts · first_building Barracks |
| 11:39 | tar275 · age_up feudal |
| 12:08 | TheG@me_ · age_up feudal |
| 12:41 | Shorts · age_up feudal |
| 13:07 | Balala · age_up feudal |
| 14:36 | Tamam · age_up castle |
| 14:50 | Hans Gruber · first_market_sell 100 wood |
| 16:08 | Shorts · first_market_buy 100 food |
| 16:42 | Buttercup · age_up castle |
| 17:10 | Anawrahta · first_building Barracks |
| 17:30 | TheG@me_ · age_up castle |
| 17:48 | Hans Gruber · age_up castle |
| 17:49 | TheG@me_ · first_building Monastery |
| 18:09 | Hans Gruber · first_market_buy 100 wood |
| 18:33 | Tamam · first_building Monastery |
| 18:57 | Shorts · first_building Archery Range |
| 19:04 | Buttercup · first_building Monastery |
| 19:34 | Anawrahta · age_up feudal |
| 19:41 | TheG@me_ · first_market_sell 100 wood |
| 20:22 | Shorts · age_up castle |
| 20:32 | TheG@me_ · first_market_buy 100 stone |
| 20:46 | Hans Gruber · first_building Monastery |
| 21:07 | Balala · first_building Barracks |
| 21:19 | TheG@me_ · first_building Siege Workshop |
| 21:24 | Shorts · first_building Monastery |
| 21:58 | Shorts · first_market_sell 100 food |
| 21:58 | Hans Gruber · wall_segment Stone Wall x11 |
| 21:59 | Anawrahta · wall_segment Stone Wall x17 |
| 22:11 | Balala · age_up castle |
| 22:20 | Buttercup · first_market_buy 100 wood |
| 22:33 | Balala · first_building Castle |
| 23:08 | Buttercup · first_building Castle |
| 23:38 | TheG@me_ · first_building Barracks |
| 24:12 | Hans Gruber · first_building Barracks |
| 24:23 | TheG@me_ · first_building Stable |
| 25:08 | tar275 · age_up castle |
| 25:40 | Hans Gruber · first_building Siege Workshop |
| 26:25 | Buttercup · first_building Siege Workshop |
| 26:34 | Shorts · first_building Castle |
| 26:49 | Tamam · first_building Castle |
| 27:16 | Hans Gruber · first_building Castle |
| 27:21 | Anawrahta · first_building Archery Range |
| 27:48 | Buttercup · first_building Barracks |
| 27:54 | Shorts · first_building Siege Workshop |
| 28:08 | Buttercup · age_up imperial |
| 28:32 | tar275 · first_building Monastery |
| 28:32 | Anawrahta · age_up castle |
| 28:48 | Hans Gruber · first_building Stable |
| 29:51 | Shorts · wall_segment Stone Wall x13 |
| 29:55 | Anawrahta · first_building Castle |
| 30:31 | tar275 · age_up imperial |
| 30:41 | Balala · age_up imperial |
| 31:03 | Tamam · age_up imperial |
| 31:08 | tar275 · first_building Barracks |
| 31:22 | Hans Gruber · age_up imperial |
| 32:04 | Tamam · first_market_buy 500 stone |
| 33:06 | tar275 · first_building Archery Range |
| 33:19 | TheG@me_ · age_up imperial |
| 33:48 | tar275 · first_building Siege Workshop |
| 34:10 | tar275 · first_building Castle |
| 34:52 | Tamam · first_building Barracks |
| 34:54 | Buttercup · first_market_sell 100 wood |
| 35:13 | Shorts · wall_segment Stone Wall x23 |
| 35:19 | Tamam · first_building Stable |
| 35:26 | Tamam · first_building Archery Range |
| 37:06 | Shorts · resign |
[ AI ANALYSIS · 1 CREDIT ]
What really happened in this match?
Wolo.gg analyzes every decision: build order, eco, micro, common mistakes by bracket. Personalized analysis on WhatsApp or Discord in 30 seconds.
Civ guide
Khmer
Perfil
Jugador #25435098